AoeStats
← ccereal

Oasis

509326975Analyzed
3v3 RM · 6d ago on Sep 26, 2026· 40m 24s· 6 players
Game mode
Random Map
Map size
Normal (6 player)
Population
200
Speed
Normal
Resources
Standard
Victory
Conquest
Starting age
Dark Age
Ending age
Imperial Age
RankedLock teamsTeams togetherTeam positionsShared explorationLock speedFull tech treeHidden civsTurbo modeCheats
Victory
Defeat
🇫🇷 Saracens · France
1599
+9
🇫🇷 Teutons · France
1558
+10
🇫🇷 Britons · France
1446
+15
🇻🇳 Britons · Vietnam
1486
-14
🇺🇸 Ethiopians · United States
1396
-10
🇨🇳 Saracens · China
1393
-10
shogun
8:12 Loom
10:59 Feudal Age
12:22 Double-Bit Axe
12:57 Fletching
14:14 Padded Archer Armor
22:56 Wheelbarrow
22:30 Horse Collar
26:50 Castle Age
25:09 Gold Mining
27:28 Elite Skirmisher
27:30 Crossbowman
28:16 Bodkin Arrow
28:37 Leather Archer Armor
33:20 Ballistics
38:14 Hand Cart
630406632
10:55 Feudal Age
15:03 Castle Age
12:53 Double-Bit Axe
13:17 Horse Collar
16:00 Bow Saw
17:19 Gold Mining
17:54 Loom
19:20 Scale Barding Armor
24:06 Forging
24:28 Husbandry
27:15 Wheelbarrow
28:28 Chain Barding Armor
28:47 Bloodlines
29:15 Stone Mining
32:12 Iron Casting
32:48 Fletching
35:50 Imperial Age
34:06 Bodkin Arrow
35:04 Hand Cart
36:32 Gold Shaft Mining
36:19 Light Cavalry
36:49 Elite Mameluke
37:50 Conscription
38:27 Plate Barding Armor
40:16 Blast Furnace
39:20 Heavy Plow
抖音帝国时代dmv
7:42 Loom
10:11 Feudal Age
13:01 Double-Bit Axe
13:16 Town Watch
16:31 Fletching
18:48 Padded Archer Armor
22:11 Gold Mining
25:52 Castle Age
31:29 Wheelbarrow
34:59 Bow Saw
35:20 Elite Skirmisher
38:39 Wheelbarrow
Tonymontana
5:19 Loom
8:30 Feudal Age
13:52 Fletching
19:22 Padded Archer Armor
22:36 Double-Bit Axe
23:58 Horse Collar
29:07 Castle Age
29:15 Crossbowman
30:33 Bow Saw
30:53 Bodkin Arrow
31:14 Gold Mining
31:27 Heavy Plow
33:46 Leather Archer Armor
37:21 Wheelbarrow
37:40 Gold Shaft Mining
37:44 Stone Mining
40:16 Ballistics
ccereal
6:32 Loom
9:04 Feudal Age
9:46 Double-Bit Axe
13:20 Fletching
19:25 Castle Age
18:18 Horse Collar
19:29 Crossbowman
20:10 Bodkin Arrow
22:44 Bow Saw
24:20 Ballistics
25:14 Wheelbarrow
25:30 Heavy Plow
26:08 Padded Archer Armor
33:45 Imperial Age
32:39 Herbal Medicine
32:51 Gold Mining
34:28 Bracer
35:57 Chemistry
35:05 Arbalester
37:16 Leather Archer Armor
38:48 Ring Archer Armor
38:43 Thumb Ring
39:41 Stone Mining
40:50 Conscription
Frorok
6:41 Loom
9:08 Feudal Age
9:42 Double-Bit Axe
9:38 Horse Collar
16:54 Wheelbarrow
18:23 Scale Barding Armor
20:27 Castle Age
19:46 Bloodlines
19:47 Forging
21:39 Bow Saw
27:24 Gold Mining
27:21 Town Watch
28:10 Fletching
29:38 Bodkin Arrow
35:30 Imperial Age
33:58 Chain Barding Armor
34:13 Iron Casting
34:36 Ironclad
35:07 Ballistics
35:38 Stone Mining
35:41 Cavalier
36:57 Plate Barding Armor
37:41 Chemistry
37:44 Blast Furnace
37:26 Hand Cart
38:41 Heavy Plow
39:44 Two-Man Saw
39:21 Conscription
38:38 Paladin
Connection lost

Rejoining the realm…

Still unreachable

The connection could not be restored.

Session expired

The server has moved on; the page needs a fresh start.